 Dungeon Crawl Stone Soup version 0.30.0-20-g3615ddf2f0 (webtiles) character file.

Game seed: 11395804352100811672

137 qw the Chopper (level 5, -1/32 HPs)
             Began as a Gargoyle Fighter on June 1, 2023.
             Slain by a gnoll
             ... wielding a +0 halberd
              (9 damage)
             ... on level 3 of the Dungeon.
             The game lasted 00:01:06 (2496 turns).

qw the Chopper (Gargoyle Fighter)                   Turns: 2496, Time: 00:01:06

Health: -1/32      AC: 12    Str: 22      XL:     5   Next: 20%
Magic:  5/5        EV:  9    Int:  7 (8)  God:
Gold:   75         SH:  4    Dex:  9      Spells: 4/4 levels left

rFire   . . .        Y - +0 broad axe
rCold   . . .        c - +0 buckler
rNeg    + . .        b - +0 scale mail
rPois   inf          (no helmet)
rElec   +            (no cloak)
rCorr   .            k - +0 pair of gloves
SInv    .            (no boots)
Will    .....        (no amulet) Stlth
                     (no ring)
HPRegen 0.25/turn    (no ring)
MPRegen 0.09/turn

%: no passive effects
@: no status effects
A: sickness immunity, AC +4, negative energy resistance 1, electricity
resistance, torment resistance 1, petrification resistance
a: no special abilities


You were on level 3 of the Dungeon.
You visited 1 branch of the dungeon, and saw 3 of its levels.

You collected 147 gold pieces.
You spent 72 gold pieces at shops.


Innate Abilities, Weirdness & Mutations

You are immune to sickness and miasma.
Your stone body is resilient. (AC +4)
You are immune to poison.
You resist negative energy. (rN+)
You are resistant to electric shocks. (rElec)
You are resistant to unholy torment.
You are immune to petrification.


   Skills:
 - Level 3.2 Fighting
 + Level 4.7 Axes
 - Level 3.2 Armour
 - Level 3.2 Shields


You had 4 spell levels left.
You didn't know any spells.
Your spell library was empty.

Inventory:

Hand Weapons
 g - a +0 whip
 Y - a +0 broad axe (weapon)
Armour
 b - a +0 scale mail (worn)
 c - a +0 buckler (worn)
 k - a +0 pair of gloves (worn)
Scrolls
 i - a scroll of identify
Potions
 d - 3 potions of might
 e - a potion of heal wounds {unknown}
 f - a potion of lignification
 h - a potion of magic {unknown}
 j - a potion of resistance {unknown}
 l - 3 potions of curing
 o - a potion of ambrosia {unknown}

Dungeon Overview and Level Annotations

Branches:
Dungeon (3/15)

Altars:

Shops:
D:1 ![   D:2 =

Annotations:
D:3 Ijyb


Message History

You slash the gnoll!
You kill the gnoll!
You feel your dexterity returning.
You closely miss the goblin.
The goblin hits you but does no damage. x2
You closely miss the goblin. The goblin hits you with a +0 club.
You closely miss the goblin. You block the goblin's attack.
You slash the goblin!
You kill the goblin!
The gnoll hits you but does no damage. You block the gnoll's attack.
You barely miss the gnoll. The gnoll barely misses you. x2
You hit the gnoll but do no damage. The gnoll barely misses you.
The gnoll hits you but does no damage.
You barely miss the gnoll. The gnoll barely misses you.
You block the gnoll's attack. The gnoll barely misses you.
The gnoll closely misses you.
You slash the gnoll!
You kill the gnoll!
The gnoll barely misses you. The gnoll hits you with a +0 halberd.
The gnoll barely misses you.
Items here: % ))).
Enter note:
Enter note:
Enter note:
Enter note: You hit the gnoll but do no damage.
The gnoll hits you with a +0 halberd!
The gnoll hits you from afar with a +0 spear. x2
You block the gnoll's attack.
You slash the gnoll!
The gnoll is severely wounded.
The gnoll barely misses you.
The gnoll hits you from afar with a +0 spear.
You closely miss the gnoll.
The gnoll is severely wounded.
The gnoll hits you with a +0 halberd!
You die...

#######
..#########.....#
.....gg@.##.###.#
...#####.##.###.#
#........###
####.......#
#.....#.#
#.##.##.#
#.##.##.#
#.##.##.#
#.##.##.#


You could see 2 gnolls.

Vanquished Creatures
  An orc priest (D:3)
  2 gnolls (D:3)
  2 adders (D:3)
  A worm (D:2)
  3 dart slugs (D:1)
  5 orcs (D:3)
  3 endoplasms (D:1)
  A giant cockroach (D:1)
  7 goblins
  3 hobgoblins
  4 quokkas
  4 ball pythons
  8 bats
  3 frilled lizards
  4 kobolds
  5 rats
56 creatures vanquished.

Notes
Turn   | Place    | Note
-------+----------+-------------------------------------------
     0 | D:1      | qw the Gargoyle Fighter began the quest for the Orb.
     0 | D:1      | Reached XP level 1. HP: 14/14 MP: 1/1
     0 | D:1      | 0 ||| qw: Version: 0.2-a-102-gdf20003
     0 | D:1      | 0 ||| qw: Game counter: 711
     0 | D:1      | 0 ||| qw: Always use a shield: true
     0 | D:1      | 0 ||| qw: God list: Okawaru
     0 | D:1      | 0 ||| qw: Allow faded altars: false
     0 | D:1      | 0 ||| qw: Do Orc after D:15 true
     0 | D:1      | 0 ||| qw: Do second Lair branch before Depths: true
     0 | D:1      | 0 ||| qw: Lair rune preference: random
     0 | D:1      | 0 ||| qw: Plans: Normal, Zot:1-4, Slime:5, God:TSO, Crypt,
                  | Tomb, Pan, Hells, Abyss, Win
     0 | D:1      | 0 ||| PLANNING D:1-11
    56 | D:1      | Reached skill level 2 in Axes
    61 | D:1      | You fall into a shaft and drop 1 floor!
   102 | D:2      | 102 ||| Stepping ~*~*~tactically~*~*~ (stealth).
   103 | D:2      | 103 ||| Stepping ~*~*~tactically~*~*~ (stealth).
   119 | D:2      | Reached XP level 2. HP: 19/19 MP: 2/2
   245 | D:2      | Found Wynag's Jewellery Shop.
   253 | D:2      | 253 ||| SHOPLISTING amulet of guardian spirit (390 gold,
                  | have 48).
   253 | D:2      | 253 ||| SHOPLISTING amulet of regeneration (390 gold, have
                  | 48).
   253 | D:2      | 253 ||| SHOPLISTING ring "Cedicut" {rN+ Will+ Dex+3 SInv}
                  | (607 gold, have 48).
   253 | D:2      | 253 ||| SHOPLISTING ring of Cigg {Fire Contam rElec Str+7
                  | Slay-6} (325 gold, have 48).
   410 | D:2      | 410 ||| READING scroll labelled ZYTATHRAALA.
   411 | D:2      | 411 ||| READING scroll labelled PAKLUI KIDGHYSOAT.
   412 | D:2      | 412 ||| DRINKING 2 fuming white potions.
   458 | D:2      | 458 ||| DRINKING 2 fizzy white potions.
   459 | D:2      | 459 ||| DROPPING potion of invisibility.
   468 | D:1      | 468 ||| Stepping ~*~*~tactically~*~*~ (stealth).
   517 | D:1      | 517 ||| Stepping ~*~*~tactically~*~*~ (stealth).
   518 | D:1      | 518 ||| Stepping ~*~*~tactically~*~*~ (stealth).
   643 | D:1      | Reached skill level 3 in Axes
   653 | D:1      | Reached XP level 3. HP: 23/23 MP: 3/3
   660 | D:1      | 660 ||| READING scroll of enchant weapon.
   660 | D:1      | 660 ||| ENCHANTING +1 war axe.
   941 | D:1      | Found Arghe's Distillery.
   947 | D:1      | 947 ||| SHOPLISTING 2 potions of mutation (192 gold, have
                  | 81).
   947 | D:1      | 947 ||| BUYING potion of curing (36 gold).
   947 | D:1      | Bought a potion of curing for 36 gold pieces
   947 | D:1      | 947 ||| BUYING potion of curing (36 gold).
   947 | D:1      | Bought a potion of curing for 36 gold pieces
   947 | D:1      | 947 ||| SHOPLISTING potion of curing (36 gold, have 9).
   947 | D:1      | 947 ||| SHOPLISTING potion of heal wounds (60 gold, have
                  | 9).
   947 | D:1      | 947 ||| SHOPLISTING potion of lignification (36 gold, have
                  | 9).
  1213 | D:1      | Found Daisch's Armour Boutique.
  1217 | D:1      | 1217 ||| SHOPLISTING +0 cloak (49 gold, have 20).
  1217 | D:1      | 1217 ||| SHOPLISTING +2 scale mail "Gethru Wuol" {Will-
                  | Regen+ Slay+4 Stlth-} (354 gold, have 20).
  1423 | D:1      | 1423 ||| UPGRADING to +0 pair of gloves.
  1428 | D:1      | 1428 ||| READING scroll labelled PITZAK NUYBBU.
  1432 | D:1      | 1432 ||| READING 2 scrolls labelled FYHUESHR CINYCK.
  1433 | D:1      | 1433 ||| DRINKING 2 sedimented silvery potions.
  1434 | D:1      | 1434 ||| DROPPING scroll of amnesia.
  1435 | D:1      | 1435 ||| DROPPING potion of degeneration.
  1916 | D:2      | 1916 ||| SWAPPING to +0 broad axe.
  1919 | D:2      | 1919 ||| DROPPING +2 war axe.
  2027 | D:2      | 2027 ||| READING scroll labelled MEFUPN WEFAL.
  2088 | D:3      | Reached XP level 4. HP: 28/28 MP: 4/4
  2137 | D:3      | Reached skill level 4 in Axes
  2311 | D:3      | Noticed Ijyb
  2320 | D:3      | HP: 6/28 [Ijyb/+0 club (3)]
  2321 | D:3      | 2321 ||| READING scroll of teleportation.
  2443 | D:3      | Reached XP level 5. HP: 30/32 MP: 5/5
  2473 | D:3      | 2473 ||| Stepping ~*~*~tactically~*~*~ (hiding).
  2476 | D:3      | 2476 ||| Stepping ~*~*~tactically~*~*~ (hiding).
  2495 | D:3      | HP: 8/32 [gnoll/+0 spear (1)]
  2496 | D:3      | Slain by a gnoll

Levels and vault maps discovered:
D:1:      arrival_zaba_pyramid, layout_basic, serial_shops, nicolae_shop_stone,
          shop, minmay_misc_feat_tiny, minmay_surrounded
D:2:      layout_basic, serial_shops, shop
D:3:      corexii_shack_village, layout_loops_corners, uniq_grinder, uniq_ijyb

Skill      XL: |  1  2  3  4 |
---------------+-------------+-----
Axes           | 2 3 4 |  4.7
Fighting       | |  3.2
Armour         | |  3.2
Shields        | |  3.2

Action                     |  1- 3 |  4- 6 || total
---------------------------+-------+-------++-------
  Melee: War axe           |    95 |       ||    95
         Broad axe         |    13 |    63 ||    76
    Use: Scroll            |     6 |     1 ||     7
         Potion            |     3 |       ||     3
   Stab: Invisible         |     1 |       ||     1
 Armour: Scale mail        |    48 |    27 ||    75
  Dodge: Dodged            |    53 |    36 ||    89
  Block: Buckler           |    17 |    15 ||    32

Table legend:
 A = Non-vault XP
 B = Vault XP
 C = Vault XP percentage of total XP
 D = Non-vault monster count
 E = Vault monster count
 F = Vault count percentage of total count
                 A         B        C        D         E       F
            +---------+---------+-------+---------+---------+-------
      Total |     194 |       2 |   1.0 |      54 |       2 |   3.6
            +---------+---------+-------+---------+---------+-------
        D:1 |      45 |       2 |   4.3 |      23 |       2 |   8.0
        D:2 |      23 |       0 |   0.0 |      13 |       0 |   0.0
        D:3 |     126 |       0 |   0.0 |      18 |       0 |   0.0
            +---------+---------+-------+---------+---------+-------
